Map: Newkirk Precinct TE (Void)

Players

herO - Winner!

  • Race: Protoss Protoss
  • Spawn Location: 5:00

Snute

  • Race: Zerg Zerg
  • Spawn Location: 7:00

Event: IEM XI Katowice - World Championship 2017

VOD

Have the link to the VOD?

Description

Time

  • Played on: March 1, 2017, 8:33 p.m.
  • Length: 10:39

All games in this series

Show
View Real Time Build Order
Export as new Build Order

herO Protoss - Winner!

Build Orders: Nexus First, Oracle Opening, Mass Adepts 

Get SALT Encoding   

  12  0:00  Probe (Chrono Boost)  
  13  0:11  Probe (Chrono Boost)  
  14  0:17  Pylon  
  14  0:22  Probe (Chrono Boost)  
  15  0:36  Probe (Chrono Boost)  
  16  0:46  Probe (Chrono Boost)  
  17  0:58  Nexus  
  17  1:02  Probe (Chrono Boost)  
  18  1:12  Gateway  
  18  1:15  Probe (Chrono Boost)  
  19  1:20  Assimilator  
  20  1:25  Probe (Chrono Boost)  
  20  1:27  Assimilator  
  20  1:36  Probe (Chrono Boost)  
  21  1:40  Gateway  
  21  1:46  Probe (Chrono Boost)  
  22  1:57  Probe (Chrono Boost)  
  22  2:00  Cybernetics Core  
  23  2:10  Probe x2 (Chrono Boost)  
  25  2:21  Probe x2 (Chrono Boost)  
  27  2:27  Warp Gate  
  27  2:32  Probe x2 (Chrono Boost)  
  27  2:33  Adept x2  
  33  2:40  Twilight Council  
  34  2:44  Probe (Chrono Boost)  
  34  2:47  Probe (Chrono Boost)  
  34  2:50  Pylon  
  35  2:57  Probe (Chrono Boost)  
  37  2:58  Probe (Chrono Boost)  
  37  3:06  Resonating Glaives  
  37  3:08  Adept  
  37  3:09  Probe (Chrono Boost)  
  37  3:11  Probe (Chrono Boost)  
  42  3:19  Stargate  
  40  3:22  Probe (Chrono Boost)  
  40  3:23  Probe (Chrono Boost)  
  40  3:26  Gateway  
  42  3:31  Pylon  
  42  3:36  Adept  
  42  3:37  Adept  
  46  3:45  Assimilator  
  46  3:51  Probe x2 (Chrono Boost)  
  46  3:52  Pylon  
  48  3:58  Oracle, Assimilator  
  50  4:03  Probe x2 (Chrono Boost)  
  50  4:08  Pylon  
  53  4:16  Probe x2 (Chrono Boost)  
  55  4:17  Pylon  
  55  4:28  Probe x2 (Chrono Boost)  
  55  4:29  Oracle, Stalker  
  55  4:30  Adept x2  
  68  4:40  Probe x2 (Chrono Boost)  
  68  4:41  Pylon  
  68  4:50  Adept x2  
  72  4:54  Adept  
  74  5:02  Void Ray  
  74  5:12  Adept x2  
  78  5:15  Adept  
  80  5:22  Nexus  
  80  5:24  Nexus  
  80  5:31  Pylon, Probe x2 (Chrono Boost)  
  82  5:37  Forge  
  82  5:42  Probe x2 (Chrono Boost)  
  84  5:52  Probe x2 (Chrono Boost)  
  82  5:58  Sentry x3  
  82  5:59  Blink  
  82  6:00  Protoss Ground Weapons Level 1  
  82  6:01  Robotics Facility  
  82  6:03  Probe x2 (Chrono Boost)  
  88  6:14  Probe (Chrono Boost)  
  88  6:15  Probe (Chrono Boost)  
  86  6:20  Gateway  
  86  6:22  Gateway  
  86  6:23  Gateway  
  88  6:27  Sentry x2, Probe x2 (Chrono Boost)  
  88  6:30  Assimilator  
  92  6:37  Probe (Chrono Boost)  
  92  6:39  Probe x2 (Chrono Boost)  
  95  6:45  Assimilator  
  95  6:47  Sentry  
  95  6:48  Pylon, Immortal  
  95  6:50  Probe (Chrono Boost)  
  95  6:51  Probe x2 (Chrono Boost)  
  105  7:02  Pylon, Probe (Chrono Boost)  
  105  7:03  Probe x2 (Chrono Boost)  
  105  7:05  Gateway  
  105  7:06  Gateway  
  107  7:16  Robotics Bay  
  107  7:17  Pylon, Stalker x2  
  107  7:21  Pylon  
  107  7:22  Immortal  
  115  7:37  Protoss Ground Weapons Level 2  
  107  7:50  Gateway  
  107  7:51  Gateway  
  107  7:58  Stalker x2  
  107  7:59  Stalker x5  
  107  8:01  Disruptor  
  121  8:06  Stalker  
  126  8:17  Pylon  
  126  8:21  Nexus  
  126  8:31  Stalker x5  
  126  8:32  Disruptor  
  136  8:38  Stalker x3  
  141  8:52  Pylon, Probe x3 (Chrono Boost)  
  141  8:54  Pylon  
  134  9:03  Disruptor  
  124  9:15  Stalker x6  
  136  9:24  Assimilator  
  136  9:28  Assimilator, Stalker x2  
  140  9:31  Robotics Facility  
  140  9:33  Probe (Chrono Boost)  
  140  9:34  Disruptor, Probe x2 (Chrono Boost)  
  143  9:40  Adept x2  
  150  9:47  Pylon  
  150  9:54  Stalker x4  
  156  10:07  Observer  
  155  10:27  Stalker x10  
Show
View Real Time Build Order
Export as new Build Order

Snute Zerg 

Build Orders: Hatch First 

Get SALT Encoding   

  12  0:00  Drone  
  13  0:12  Overlord  
  13  0:17  Drone  
  14  0:30  Drone x2  
  14  0:34  Drone  
  17  0:52  Hatchery  
  17  0:55  Drone  
  17  0:58  Drone  
  17  1:03  Extractor  
  17  1:16  Spawning Pool  
  17  1:17  Drone  
  17  1:21  Drone  
  18  1:28  Drone  
  19  1:38  Overlord  
  19  1:49  Drone  
  20  2:02  Metabolic Boost, Zergling x2, Queen  
  20  2:05  Queen  
  25  2:09  Drone  
  25  2:12  Drone  
  25  2:15  Drone  
  28  2:23  Drone  
  28  2:25  Drone  
  30  2:33  Drone  
  31  2:39  Overlord  
  31  2:45  Hatchery  
  31  2:49  Overlord  
  31  2:51  Zergling x2  
  31  2:54  Zergling x2  
  32  2:58  Zergling x2  
  32  3:06  Zergling x2  
  32  3:09  Drone  
  32  3:12  Drone x4  
  38  3:13  Drone  
  38  3:17  Drone x2  
  41  3:21  Roach Warren  
  41  3:23  Zergling x2  
  41  3:29  Queen  
  41  3:32  Drone  
  44  3:36  Drone  
  44  3:38  Drone  
  45  3:42  Drone  
  45  3:44  Drone x3  
  45  3:48  Overlord  
  48  3:50  Drone  
  48  3:51  Drone  
  48  3:55  Drone  
  51  3:58  Drone x2  
  55  4:03  Roach  
  55  4:05  Overlord  
  55  4:09  Roach  
  57  4:12  Roach  
  59  4:18  Roach x3  
  59  4:19  Overlord  
  59  4:21  Extractor  
  59  4:23  Roach  
  66  4:26  Zergling x2  
  66  4:30  Zergling x8  
  66  4:31  Zergling x2  
  72  4:37  Overlord  
  72  4:41  Zergling x2, Overlord  
  73  4:49  Spore Crawler  
  72  4:54  Spore Crawler  
  72  4:55  Spore Crawler, Drone x4  
  72  4:56  Drone  
  72  5:03  Drone  
  72  5:04  Drone x4  
  72  5:08  Drone x3  
  72  5:10  Drone x2  
  74  5:18  Drone  
  74  5:20  Drone x2  
  77  5:24  Roach x3  
  81  5:30  Roach x2  
  81  5:32  Queen  
  88  5:35  Zergling x4  
  88  5:39  Hatchery  
  88  5:48  Roach  
  87  5:52  Zergling x2  
  87  5:53  Zergling x6  
  87  5:55  Zergling x4  
  88  6:03  Zergling x8  
  76  6:12  Zergling x4  
  76  6:15  Drone  
  76  6:16  Drone  
  76  6:17  Lair  
  79  6:20  Drone x4  
  83  6:27  Drone x2  
  83  6:32  Drone, Ravager  
  87  6:34  Drone  
  87  6:36  Drone  
  87  6:39  Evolution Chamber  
  88  6:42  Baneling Nest  
  88  6:43  Drone x2  
  88  6:45  Drone  
  88  6:46  Overlord x2  
  89  6:50  Drone  
  89  6:51  Hatchery  
  89  6:52  Drone x2  
  89  6:53  Queen, Extractor, Drone  
  93  6:55  Drone  
  93  6:57  Overlord  
  93  7:00  Ravager  
  95  7:01  Overlord  
  95  7:06  Drone x4  
  95  7:07  Drone x2  
  101  7:09  Extractor  
  101  7:11  Spore Crawler  
  101  7:12  Extractor  
  101  7:14  Zerg Melee Weapons Level 1  
  98  7:19  Zergling x10  
  103  7:36  Zergling x20  
  107  7:41  Drone  
  107  7:43  Centrifical Hooks  
  101  8:00  Glial Reconstitution  
  101  8:03  Zergling x2  
  101  8:04  Zergling x18  
  110  8:08  Ravager  
  110  8:11  Zergling x8  
  115  8:19  Ravager  
  116  8:22  Ravager  
  116  8:26  Zergling x24  
  128  8:31  Overlord  
  127  8:37  Ravager x2  
  126  8:44  Ravager  
  125  8:49  Zergling x16  
  125  8:50  Zergling x2  
  125  8:52  Roach  
  110  9:05  Zergling x4  
  110  9:06  Zergling x12  
  99  9:11  Roach  
  99  9:12  Roach  
  100  9:19  Ravager x2  
  100  9:20  Roach  
  100  9:21  Roach  
  106  9:24  Roach  
  106  9:26  Roach  
  106  9:28  Zergling x2  
  106  9:29  Zergling x2  
  110  9:32  Ravager x2  
  110  9:35  Zergling x4  
  113  9:39  Roach  
  113  9:45  Ravager x3  
  118  9:47  Zergling x6  
  118  9:49  Ravager  
  118  9:50  Zergling x4  
  121  10:01  Zergling x12  
  122  10:11  Zergling x10  
  122  10:21  Zergling x2  

Tags
 
Add a new tag
Caveats
  • Supply blocks, unpowered buildings, or Contaminate may cause inaccurate times.
  • Supply counts are checked every 10 seconds.